 Dungeon Crawl Stone Soup version 0.29.1-13-g9f3cf754e1 (webtiles) character file.

Game seed: 2141608137098275959

22 Heoruswealwe the Grave Robber (level 2, 0/15 HPs)
             Began as a Deep Elf Necromancer on Feb 3, 2023.
             Slain by a gnoll
             ... wielding a +0 club
              (3 damage)
             ... on level 1 of the Dungeon.
             The game lasted 00:10:00 (512 turns).

Heoruswealwe the Grave Robber (Deep Elf Necromancer) Turns: 512, Time: 00:10:00

Health: 0/15       AC:  3    Str:  5    XL:     2   Next: 68%
Magic:  1/8        EV: 12    Int: 19    God:
Gold:   86         SH:  0    Dex: 15    Spells: 6/7 levels left

rFire   . . .      SeeInvis .   (no weapon)
rCold   . . .      Faith    .   (no shield)
rNeg    . . .      Spirit   .   a - +0 robe
rPois   .          Reflect  .   (no helmet)
rElec   .          Harm     .   d - +0 cloak
rCorr   .          Rampage  .   (no gloves)
Will    .....                   (no boots)
Stlth   ++........              (no amulet)
HPRegen 0.05/turn               (no ring)
MPRegen 0.11/turn               (no ring)

@: no status effects
A: no striking features
a: no special abilities


You were on level 1 of the Dungeon.
You visited 1 branch of the dungeon, and saw 2 of its levels.

You collected 86 gold pieces.

Inventory:

Hand Weapons
 g - a +0 short sword
 j - a +0 short sword
 k - a +0 long sword
 m - a +0 club
Missiles
 l - 6 stones
 n - 2 silver boomerangs
Armour
 a - a +0 robe (worn)
 d - a +0 cloak (worn)
Scrolls
 c - a scroll of fear {unknown}
 e - a scroll of enchant armour {unknown}
 f - a scroll of teleportation {unknown}
 h - a scroll of poison {unknown}
 o - a scroll of acquirement {unknown}
Potions
 b - 2 potions of magic
 i - a potion of curing {unknown}


   Skills:
 + Level 2.5 Dodging
 + Level 2.7 Stealth
 + Level 3.3 Spellcasting
 + Level 5.4 Necromancy


You had 6 spell levels left.
You knew the following spells:

 Your Spells              Type           Power      Damage    Failure   Level
a - Necrotise             Necr           92%        1d8       1%          1

Your spell library contained the following spells:

 Spells                   Type           Power      Damage    Failure   Level
 Vampiric Draining        Necr           23%        2d7       4%          3
 Animate Dead             Necr           23%        N/A       16%         4
 Agony                    Necr           23%        N/A       41%         5


Dungeon Overview and Level Annotations

Branches:
Dungeon (2/15)

Altars:
Xom

Shops:
D:1 [


Message History

Aiming: Necrotise (safe; 1% risk of failure)
Press: ? - help, Shift-Dir - straight line, f - goblin
Aim: a goblin, wielding a +0 dagger (ally target, chance to affect: 91%)
The goblin writhes in agony.
You kill the goblin!
The dead are walking!
You swap places.
Found 12 gold pieces.
You see here a +0 dagger.
Unknown command.
Unknown command.
You swap places.
Your magical contamination has completely faded away.
You now have 86 gold pieces (gained 12).
Your hobgoblin skeleton crumbles into dust!
A gnoll comes into view. It is wielding a +0 club.
The gnoll shouts!
Casting: Necrotise (safe; 1% risk of failure)
Confirm with . or Enter, or press ? or * to list all spells.
Aiming: Necrotise (safe; 1% risk of failure)
Press: ? - help, Shift-Dir - straight line, f - gnoll
Aim: a gnoll, wielding a +0 club (ally target, chance to affect: 87%)
The gnoll barely resists.
The gnoll hits you with a +0 club. The gnoll attacks as you move away!
The gnoll barely misses you.
Your rat skeleton crumbles into dust!
Your goblin skeleton closely misses the gnoll.
Casting: Necrotise (safe; 1% risk of failure)
Confirm with . or Enter, or press ? or * to list all spells.
Aiming: Necrotise (safe; 1% risk of failure)
Press: ? - help, Shift-Dir - straight line, f/p - gnoll
Aim: a gnoll, wielding a +0 club (ally target, chance to affect: 87%)
The gnoll writhes in agony.
The gnoll hits you with a +0 club!
* * * LOW HITPOINT WARNING * * *
Your goblin skeleton hits the gnoll but does no damage.
Casting: Necrotise (safe; 1% risk of failure)
Confirm with . or Enter, or press ? or * to list all spells.
Aiming: Necrotise (safe; 1% risk of failure)
Press: ? - help, Shift-Dir - straight line, f/p - gnoll
Aim: a gnoll, wielding a +0 club (heavily wounded, ally target, chance to affect: 87%)
The gnoll writhes in agony.
The gnoll hits you with a +0 club.
You die...

.# #. .# #.## .# #... ## .#
#..# #. .# #..# # # #. .#
#..######. .# .#.######.#
#.........## ##.
...##.....######@###### ..
.. #..##.##........gZ....#
#.#.#
......#....#####.####.#
#...# # ....#.#....# #.#
#.####.###.## .####.#..###
#.# #.Z.Z........
.....#.....# #.#
######.)##### #...#.####.#
#.# ######..# ##..#.#....#
#.. ........#
#..#....##################.#


You could see a gnoll (ally target) and a friendly goblin skeleton.

Vanquished Creatures
  A dart slug (D:1)
  2 goblins (D:1)
  A hobgoblin (D:1)
  4 quokkas (D:1)
  2 bats (D:1)
  2 kobolds (D:1)
  4 rats (D:1)
16 creatures vanquished.

Vanquished Creatures (collateral kills)
  A bat (D:1)
  A frilled lizard (D:1)
  A rat (D:1)
3 creatures vanquished.

Grand Total: 19 creatures vanquished

Notes
Turn   | Place    | Note
-------+----------+-------------------------------------------
     0 | D:1      | Heoruswealwe the Deep Elf Necromancer began the quest for
                  | the Orb.
     0 | D:1      | Reached XP level 1. HP: 10/10 MP: 6/6
    63 | D:1      | Reached skill level 5 in Necromancy
   118 | D:2      | Found a shimmering altar of Xom.
   224 | D:1      | Reached XP level 2. HP: 15/15 MP: 6/8
   288 | D:1      | Found Voulihi's Armour Shop.
   512 | D:1      | Slain by a gnoll

Illustrated notes

Levels and vault maps discovered:
D:1:      amcnicky_arrival_underground_garden, layout_loops_ring, serial_shops,
          shop, hellmonk_ecumenical_altar_zigzags, minmay_pentomino_q4
D:2:      layout_rooms, basic_altar

Skill      XL: |  1 |
---------------+----+-----
Necromancy     | 5 |  5.4
Dodging        | |  2.5
Stealth        | |  2.7
Spellcasting   | |  3.3

Action                   || total
-------------------------++-------
 Cast: Necrotise         ||    29
Armor: Robe              ||     3
Dodge: Dodged            ||     6
